[ AOE2 MATCH · #507605480 ]
UnrankedMongols vs Vietnamese
Player's team · WIN
Rival team · LOSS
[ REPLAY ANALYSIS · EXTRACTED FROM THE RECORDED GAME ]
Feudal
13:58
Castle
—
Imperial
—
| APM avg | 63.6 |
| APM peak | 134 |
| eAPM avg | 21.1 |
| Villagers / military | 59 / 25 |
Focus
⚔️ 34.0% · 🌾 66.0%
Skirmisher ×23 · Archer ×1 · Spearman ×1
Feudal
11:37
Castle
—
Imperial
—
| APM avg | 72.6 |
| APM peak | 120 |
| eAPM avg | 24.8 |
| Villagers / military | 47 / 29 |
Focus
⚔️ 22.9% · 🌾 77.1%
Archer ×23 · Scout Cavalry ×3 · Spearman ×2 · Militia ×1
Match map
Initial resources + every placement click. Lines = walls · curves = elevation contours. ◆ gold · ⬟ stone · ● berries · ✦ relic · ◌ wall gap
Your base· Open — unwalled flank
0LeMat's base· Open — unwalled flank
Smoothed initial terrain · ◌ = detected wall gap · hover for details
Inputs per minute
— NuMa | Maurofarfan01 - - 0LeMat
Build order — NuMa | Maurofarfan01
142 actions detected in the replay
| 0:01 | Queue | Villager (Male) |
| 0:01 | Queue | Villager (Male) |
| 0:01 | Queue | Villager (Male) |
| 0:02 | Queue | Villager (Male) |
| 0:02 | Queue | Villager (Male) |
| 0:02 | Build | House |
| 0:05 | Build | House |
| 1:26 | Queue | Villager (Male) |
| 1:26 | Queue | Villager (Male) |
| 2:10 | Queue | Villager (Male) |
| 2:30 | Queue | Villager (Male) |
| 2:30 | Queue | Villager (Male) |
| 2:31 | Queue | Villager (Male) |
| 2:32 | Queue | Villager (Male) |
| 2:32 | Queue | Villager (Male) |
| 2:46 | Research | Loom |
| 2:47 | Queue | Villager (Male) |
| 2:47 | Queue | Villager (Male) |
| 2:47 | Queue | Villager (Male) |
| 3:02 | Queue | Villager (Male) |
| 3:02 | Queue | Villager (Male) |
| 3:35 | Queue | Villager (Male) |
| 3:35 | Queue | Villager (Male) |
| 3:54 | Queue | Villager (Male) |
| 3:55 | Queue | Villager (Male) |
| 4:52 | Queue | Villager (Male) |
| 4:52 | Queue | Villager (Male) |
| 5:11 | Build | House |
| 5:46 | Queue | Villager (Male) |
| 5:50 | Build | Lumber Camp |
| 5:51 | Queue | Villager (Male) |
| 6:27 | Queue | Villager (Male) |
| 6:59 | Queue | Villager (Male) |
| 7:22 | Build | Palisade Gate |
| 7:48 | Queue | Villager (Male) |
| 8:18 | Build | House |
| 8:21 | Build | House |
| 8:59 | Build | Mill |
| 9:06 | Queue | Villager (Male) |
| 9:21 | Queue | Villager (Male) |
| 9:25 | Build | Mill |
| 9:52 | Build | Palisade Wall |
| 9:54 | Build | Palisade Wall |
| 9:55 | Build | Palisade Wall |
| 9:56 | Build | Palisade Wall |
| 9:58 | Build | Palisade Wall |
| 10:00 | Build | Palisade Wall |
| 10:10 | Queue | Villager (Male) |
| 10:11 | Queue | Villager (Male) |
| 10:40 | Queue | Villager (Male) |
| 10:52 | Build | House |
| 11:48 | Research | Feudal Age |
| 13:20 | Queue | Villager (Male) |
| 13:22 | Queue | Villager (Male) |
| 13:55 | Build | Barracks |
| 13:58 | Age | Feudal Age |
| 13:59 | Queue | Villager (Male) |
| 15:01 | Build | Town Center |
| 15:16 | Build | Archery Range |
| 15:58 | Queue | Villager (Male) |
| 15:58 | Queue | Villager (Male) |
| 15:59 | Queue | Villager (Male) |
| 15:59 | Queue | Villager (Male) |
| 16:26 | Queue | Skirmisher |
| 17:00 | Queue | Archer |
| 17:34 | Queue | Skirmisher |
| 18:14 | Queue | Skirmisher |
| 18:14 | Queue | Skirmisher |
| 18:51 | Queue | Skirmisher |
| 18:52 | Queue | Skirmisher |
| 19:20 | Build | Mining Camp |
| 19:36 | Build | House |
| 20:16 | Queue | Villager (Male) |
| 20:25 | Queue | Skirmisher |
| 22:43 | Queue | Skirmisher |
| 22:43 | Queue | Skirmisher |
| 22:43 | Queue | Skirmisher |
| 22:43 | Queue | Skirmisher |
| 22:43 | Queue | Skirmisher |
| 23:31 | Queue | Villager (Male) |
| 24:15 | Build | Farm |
| 24:23 | Build | Mining Camp |
| 24:32 | Build | Farm |
| 24:33 | Build | Farm |
| 24:52 | Queue | Skirmisher |
| 24:52 | Queue | Skirmisher |
| 25:14 | Build | Watch Tower |
| 25:23 | Queue | Villager (Male) |
| 25:33 | Build | Palisade Wall |
| 25:54 | Queue | Villager (Male) |
| 26:02 | Build | Palisade Wall |
| 26:02 | Build | Palisade Wall |
| 26:03 | Build | Palisade Wall |
| 26:03 | Build | Palisade Wall |
| 26:04 | Build | Palisade Wall |
| 26:04 | Build | Palisade Wall |
| 26:05 | Build | Palisade Wall |
| 26:06 | Build | Palisade Wall |
| 26:27 | Build | Watch Tower |
| 26:32 | Queue | Villager (Male) |
| 26:35 | Build | Farm |
| 26:52 | Build | House |
| 26:54 | Build | Palisade Wall |
| 27:05 | Build | Watch Tower |
| 27:16 | Build | Watch Tower |
| 27:25 | Queue | Villager (Male) |
| 27:26 | Queue | Villager (Male) |
| 27:26 | Queue | Villager (Male) |
| 27:32 | Build | Palisade Wall |
| 27:32 | Build | Palisade Wall |
| 27:33 | Build | Palisade Wall |
| 27:33 | Build | Palisade Wall |
| 27:34 | Build | Palisade Wall |
| 27:34 | Build | Palisade Wall |
| 27:34 | Build | Palisade Wall |
| 27:35 | Build | Palisade Wall |
| 27:35 | Build | Palisade Wall |
| 27:52 | Build | Watch Tower |
| 28:32 | Queue | Villager (Male) |
| 28:33 | Queue | Villager (Male) |
| 28:47 | Queue | Villager (Male) |
| 29:19 | Queue | Villager (Male) |
| 29:33 | Build | Watch Tower |
| 29:38 | Queue | Spearman |
| 29:46 | Build | House |
| 30:06 | Build | House |
| 30:15 | Queue | Skirmisher |
| 30:15 | Queue | Skirmisher |
| 30:15 | Queue | Skirmisher |
| 30:15 | Queue | Skirmisher |
| 30:46 | Queue | Villager (Male) |
| 30:50 | Queue | Skirmisher |
| 30:50 | Queue | Skirmisher |
| 31:25 | Queue | Villager (Male) |
| 31:41 | Build | Blacksmith |
| 32:49 | Queue | Skirmisher |
| 32:49 | Queue | Skirmisher |
| 32:49 | Queue | Skirmisher |
| 32:50 | Queue | Villager (Male) |
| 32:56 | Queue | Villager (Male) |
| 33:37 | Queue | Villager (Male) |
| 34:25 | Queue | Villager (Male) |
Build order — 0LeMat
122 actions detected in the replay
| 0:01 | Queue | Villager (Male) |
| 0:01 | Queue | Villager (Male) |
| 0:02 | Build | House |
| 0:04 | Build | House |
| 0:10 | Queue | Villager (Male) |
| 0:31 | Queue | Villager (Male) |
| 1:33 | Queue | Villager (Male) |
| 2:08 | Queue | Villager (Male) |
| 2:36 | Queue | Villager (Male) |
| 3:07 | Queue | Villager (Male) |
| 3:07 | Queue | Villager (Male) |
| 3:08 | Build | Lumber Camp |
| 3:34 | Queue | Villager (Male) |
| 3:49 | Queue | Villager (Male) |
| 3:58 | Queue | Villager (Male) |
| 4:43 | Queue | Villager (Male) |
| 4:48 | Queue | Villager (Male) |
| 5:23 | Build | House |
| 5:42 | Research | Loom |
| 5:44 | Queue | Villager (Male) |
| 6:10 | Build | House |
| 6:11 | Build | House |
| 6:23 | Queue | Villager (Male) |
| 6:43 | Queue | Villager (Male) |
| 7:00 | Queue | Villager (Male) |
| 7:14 | Queue | Villager (Male) |
| 7:36 | Build | Mill |
| 7:43 | Queue | Villager (Male) |
| 8:32 | Queue | Villager (Male) |
| 8:35 | Build | Lumber Camp |
| 8:38 | Queue | Villager (Male) |
| 9:26 | Research | Feudal Age |
| 10:22 | Build | Mining Camp |
| 11:04 | Build | Barracks |
| 11:31 | Queue | Villager (Male) |
| 11:37 | Age | Feudal Age |
| 11:47 | Build | Archery Range |
| 11:54 | Queue | Villager (Male) |
| 12:00 | Build | Farm |
| 12:11 | Queue | Villager (Male) |
| 12:31 | Queue | Archer |
| 12:32 | Build | House |
| 12:38 | Queue | Villager (Male) |
| 12:41 | Build | Farm |
| 12:46 | Queue | Villager (Male) |
| 13:08 | Build | Farm |
| 13:09 | Build | Farm |
| 13:13 | Queue | Villager (Male) |
| 13:25 | Queue | Archer |
| 13:35 | Build | House |
| 14:29 | Queue | Spearman |
| 14:30 | Queue | Villager (Male) |
| 14:30 | Queue | Villager (Male) |
| 14:41 | Build | House |
| 14:42 | Build | House |
| 14:54 | Queue | Militia |
| 14:59 | Queue | Spearman |
| 15:00 | Queue | Archer |
| 15:04 | Build | House |
| 15:33 | Queue | Villager (Male) |
| 15:36 | Queue | Archer |
| 16:00 | Build | Mining Camp |
| 16:04 | Queue | Villager (Male) |
| 16:15 | Build | Lumber Camp |
| 17:35 | Research | Double-Bit Axe |
| 18:54 | Queue | Villager (Male) |
| 18:54 | Queue | Villager (Male) |
| 18:54 | Queue | Villager (Male) |
| 19:58 | Queue | Archer |
| 19:58 | Queue | Archer |
| 20:24 | Queue | Archer |
| 20:48 | Queue | Archer |
| 21:52 | Queue | Archer |
| 21:52 | Queue | Archer |
| 23:14 | Build | Town Center |
| 23:39 | Build | Town Center |
| 24:02 | Queue | Archer |
| 24:03 | Queue | Archer |
| 24:03 | Queue | Archer |
| 24:03 | Queue | Archer |
| 24:29 | Queue | Villager (Male) |
| 24:29 | Queue | Villager (Male) |
| 24:39 | Queue | Archer |
| 25:02 | Build | Farm |
| 25:07 | Queue | Archer |
| 25:07 | Queue | Archer |
| 25:36 | Queue | Villager (Male) |
| 25:55 | Build | Market |
| 27:12 | Build | Mining Camp |
| 27:17 | Build | Stable |
| 27:18 | Build | Farm |
| 27:33 | Build | Lumber Camp |
| 27:39 | Queue | Villager (Male) |
| 27:41 | Queue | Archer |
| 28:03 | Queue | Scout Cavalry |
| 28:35 | Queue | Scout Cavalry |
| 28:36 | Build | Farm |
| 28:38 | Build | Farm |
| 29:08 | Queue | Archer |
| 29:08 | Queue | Archer |
| 29:58 | Queue | Archer |
| 30:41 | Queue | Archer |
| 30:47 | Build | Mill |
| 30:48 | Build | Farm |
| 30:48 | Build | Farm |
| 30:48 | Build | Farm |
| 30:49 | Build | Farm |
| 30:49 | Build | Farm |
| 30:49 | Build | Farm |
| 30:49 | Build | Farm |
| 30:51 | Queue | Villager (Male) |
| 30:51 | Queue | Villager (Male) |
| 31:22 | Queue | Villager (Male) |
| 31:40 | Build | Watch Tower |
| 32:30 | Queue | Archer |
| 32:31 | Queue | Villager (Male) |
| 32:36 | Queue | Villager (Male) |
| 32:36 | Queue | Villager (Male) |
| 32:53 | Build | Farm |
| 33:42 | Queue | Villager (Male) |
| 33:43 | Queue | Scout Cavalry |
| 34:14 | Queue | Villager (Male) |
Match timeline
| 9:52 | NuMa | Maurofarfan01 · wall_segment Palisade Wall x1 |
| 9:54 | NuMa | Maurofarfan01 · wall_segment Palisade Wall x1 |
| 9:55 | NuMa | Maurofarfan01 · wall_segment Palisade Wall x1 |
| 9:56 | NuMa | Maurofarfan01 · wall_segment Palisade Wall x1 |
| 9:58 | NuMa | Maurofarfan01 · wall_segment Palisade Wall x1 |
| 10:00 | NuMa | Maurofarfan01 · wall_segment Palisade Wall x1 |
| 11:04 | 0LeMat · first_building Barracks |
| 11:37 | 0LeMat · age_up feudal |
| 11:47 | 0LeMat · first_building Archery Range |
| 13:55 | NuMa | Maurofarfan01 · first_building Barracks |
| 13:58 | NuMa | Maurofarfan01 · age_up feudal |
| 15:16 | NuMa | Maurofarfan01 · first_building Archery Range |
| 25:33 | NuMa | Maurofarfan01 · wall_segment Palisade Wall x1 |
| 26:02 | NuMa | Maurofarfan01 · wall_segment Palisade Wall x1 |
| 26:02 | NuMa | Maurofarfan01 · wall_segment Palisade Wall x1 |
| 26:03 | NuMa | Maurofarfan01 · wall_segment Palisade Wall x2 |
| 26:03 | NuMa | Maurofarfan01 · wall_segment Palisade Wall x1 |
| 26:04 | NuMa | Maurofarfan01 · wall_segment Palisade Wall x2 |
| 26:04 | NuMa | Maurofarfan01 · wall_segment Palisade Wall x1 |
| 26:05 | NuMa | Maurofarfan01 · wall_segment Palisade Wall x1 |
| 26:06 | NuMa | Maurofarfan01 · wall_segment Palisade Wall x1 |
| 26:54 | NuMa | Maurofarfan01 · wall_segment Palisade Wall x1 |
| 27:17 | 0LeMat · first_building Stable |
| 27:32 | NuMa | Maurofarfan01 · wall_segment Palisade Wall x1 |
| 27:32 | NuMa | Maurofarfan01 · wall_segment Palisade Wall x1 |
| 27:33 | NuMa | Maurofarfan01 · wall_segment Palisade Wall x1 |
| 27:33 | NuMa | Maurofarfan01 · wall_segment Palisade Wall x2 |
| 27:34 | NuMa | Maurofarfan01 · wall_segment Palisade Wall x1 |
| 27:34 | NuMa | Maurofarfan01 · wall_segment Palisade Wall x1 |
| 27:34 | NuMa | Maurofarfan01 · wall_segment Palisade Wall x1 |
| 27:35 | NuMa | Maurofarfan01 · wall_segment Palisade Wall x2 |
| 27:35 | NuMa | Maurofarfan01 · wall_segment Palisade Wall x1 |
| 31:35 | 0LeMat · first_market_sell 100 wood |
| 31:35 | 0LeMat · first_market_buy 100 stone |
| 34:33 | 0LeMat · resign |
[ AI ANALYSIS · 1 CREDIT ]
What really happened in this match?
Wolo.gg analyzes every decision: build order, eco, micro, common mistakes by bracket. Personalized analysis on WhatsApp or Discord in 30 seconds.
Civ guide
Mongols
Perfil
NuMa | Maurofarfan01